 Dungeon Crawl Stone Soup version 0.29.1-2-gbd0b4ee654 (webtiles) character file.

Game seed: 18032959141699899492

10282 MisterFreud the Cruncher (level 11, -4/90 HPs)
             Began as a Formicid Gladiator on Oct 23, 2022.
             Was a Follower of Yredelemnul.
             Shot with an arrow by a centaur warrior (9 damage)
             ... on level 13 of the Dungeon.
             The game lasted 00:17:16 (13536 turns).

MisterFreud the Cruncher (Formicid Gladiator)      Turns: 13536, Time: 00:17:17

Health: -4/90      AC: 12    Str: 21    XL:     11   Next: 90%
Magic:  17/17      EV:  6    Int:  8    God:    Yredelemnul [*.....]
Gold:   449        SH: 12    Dex: 17    Spells: 10/10 levels left

rFire   . . .      SeeInvis +   p - +4 quarterstaff (freeze)
rCold   + . .      Faith    +   m - +0 kite shield
rNeg    . . .      Spirit   .   n - +0 plate armour
rPois   .          Reflect  .   (helmet unavailable)
rElec   .          Harm     .   H - +1 cloak of the Falcon {rC+}
rCorr   .          Rampage  .   o - +1 pair of gloves
Will    ++...                   (no boots)
Stlth   ..........              x - amulet of faith
HPRegen 0.25/turn               u - ring of willpower
MPRegen 0.15/turn               (no ring)

@: corroded
A: permanent stasis, dig shafts and tunnels, antennae 3, four strong arms
a: Dig, Shaft Self, Renounce Religion, Recall Undead Harvest


You were on level 13 of the Dungeon.
You worshipped Yredelemnul.
Yredelemnul was aware of your devotion.
You visited 2 branches of the dungeon, and saw 14 of its levels.
You also visited: Ossuary.

You collected 497 gold pieces.
You spent 48 gold pieces at shops.

Inventory:

Hand Weapons
 a - a +0 quarterstaff
 p - a +4 quarterstaff of freezing (weapon)
Missiles
 c - 7 throwing nets (quivered)
 d - a javelin
 g - 53 poisoned darts
 t - 3 atropa-tipped darts
 y - 12 boomerangs
Armour
 m - a +0 kite shield (worn)
 n - a +0 plate armour (worn)
 o - a +1 pair of gloves (worn)
 H - the +1 cloak of the Falcon (worn) {rC+}
   (You found it on level 5 of the Dungeon)

   rC:        It protects you from cold.
Jewellery
 h - a ring of ice
 u - a ring of willpower (left hand)
 x - an amulet of faith (around neck)
 K - a ring of wizardry
 L - a ring of protection from fire
Wands
 r - a wand of quicksilver (15)
 B - a wand of flame (6)
 E - a wand of mindburst (25)
Scrolls
 e - 5 scrolls of poison
 j - 3 scrolls of fear
 k - 3 scrolls of fog
 v - 2 scrolls of enchant weapon
 A - 2 scrolls of enchant armour
 C - a scroll of magic mapping
 J - a scroll of torment {unknown}
Potions
 b - 4 potions of mutation
 f - 2 potions of ambrosia
 i - 6 potions of lignification
 l - a potion of flight
 q - a potion of brilliance {unknown}
 s - a potion of berserk rage
 w - 2 potions of resistance
 z - 2 potions of attraction {unknown}
 D - 2 potions of invisibility {unknown}
 F - 7 potions of curing {unknown}
 G - 2 potions of heal wounds {unknown}
 I - 2 potions of cancellation {unknown}


   Skills:
 - Level 10.0 Fighting
 - Level 10.0 Staves
 - Level 2.0 Throwing
 - Level 5.0 Armour
 - Level 2.6 Dodging
 - Level 10.0 Shields
 + Level 9.3 Invocations
 + Level 4.1 Evocations


You had 10 spell levels left.
You didn't know any spells.
Your spell library contained the following spells:

 Spells                   Type           Power      Damage    Failure   Level
 Magic Dart               Conj           0%         1d3       100%        1
 Sandblast                Erth           0%         2d4       100%        1
 Passwall                 Tmut/Erth      0%         N/A       100%        2
 Searing Ray              Conj           0%         2d4       100%        2
 Ignite Poison            Fire/Tmut/Pois 0%         N/A       100%        3
 Mephitic Cloud           Conj/Pois/Air  0%         N/A       100%        3
 Ozocubu's Armour         Ice            0%         N/A       100%        3
 Stone Arrow              Conj/Erth      0%         3d7       100%        3
 Fulminant Prism          Conj/Hex       0%         3d6       100%        4
 Freezing Cloud           Conj/Ice/Air   0%         6-21      100%        5
 Ozocubu's Refrigeration  Ice            0%         4d7       100%        7


Dungeon Overview and Level Annotations

Branches:
Dungeon (12/15)            Temple (1/1) D:4             Orc (0/2) D:9
Ossuary (visited)
   Lair: D:8-11

Altars:
Ashenzari
Cheibriados
Dithmenos
Fedhas
Gozag
Hepliaklqana
Kikubaaqudgha
Makhleb
Nemelex Xobeh
Okawaru
Qazlal
Ru
Sif Muna
Trog
Uskayaw
Vehumet
Xom
Yredelemnul
Zin
The Shining One

Shops:
D:2 (:(?:   D:5 =   D:8 [

Annotations:
D:4 3 runed translucent doors, Ashen's ghost, amateur DsHW
D:10 Fannar


Innate Abilities, Weirdness & Mutations

You cannot be hasted, slowed, berserked, paralysed or teleported.
You can dig through walls and to a lower floor.
You have a pair of large antennae on your head. (SInv)
Your four strong arms can wield two-handed weapons with a shield.


Message History

An acid dragon comes into view.
The acid dragon spits acid at you. The splash of acid misses you.
You start waiting.
You sense a monster nearby.
The acid dragon spits acid at you. The splash of acid hits you!
The acid dragon completely misses you. You block the acid dragon's attack.
You sock the acid dragon! You freeze the acid dragon.
The acid dragon is moderately wounded.
You block the acid dragon's attack. x2
You barely miss the acid dragon.
The acid dragon is moderately wounded.
You hit the acid dragon but do no damage.
The acid dragon is moderately wounded.
The acid dragon spits acid at you. The splash of acid hits you!!
The acid corrodes you!
You hit the acid dragon. You freeze the acid dragon.
The acid dragon is heavily wounded.
You block the acid dragon's attack. The acid dragon barely misses you.
You sock the acid dragon! You freeze the acid dragon.
You kill the acid dragon!
The dead are flying!
No target in view!
You start resting.
A centaur warrior comes into view.
The centaur warrior wields a +0 longbow.
The centaur warrior shoots an arrow.
The arrow hits your acid dragon zombie!
The centaur warrior shoots an arrow.
The arrow hits your acid dragon zombie!!
Your acid dragon zombie is destroyed!
The centaur warrior shoots an arrow.
The arrow hits you!!
The centaur warrior shoots an arrow.
The arrow hits you.
* * * LOW HITPOINT WARNING * * *
The centaur warrior shoots an arrow.
The arrow hits you!!
* * * LOW HITPOINT WARNING * * *
The centaur warrior shoots an arrow.
The arrow closely misses you.
The centaur warrior shoots an arrow.
The arrow hits you!
You die...
Your body rises from the dead as a mindless zombie.

.. #. #.# ..# #..
#.# #.# ..#
#..###.# #.# ..#
#......# #.# ..#
#......# #.# ..# .
.....# #.##..##...
#..#####....c.....
#......Z..@...#
#..#####......#
#.# #..# #.##...#
#.# #..# #.# ...#
#.# #..# #.# ...#
#.# #..# #.# ...#
#.# #..# #.# ...#
#.# #..# #.# ...#
#.# #..#


You could see a centaur warrior (ally target) and a friendly manticore zombie.

Vanquished Creatures
  A manticore (D:13)
  An unseen horror (D:11)
  Maggie (D:10)
  Grinder (D:6)
  A shadow (D:11)
  A wyvern (D:9)
  9 yaks
  Eustachio (D:6)
  A wraith (D:11)
  2 steam dragons
  Menkaure (D:6)
  An acid dragon (D:13)
  Duvessa (D:6)
  A water moccasin (D:5)
  A sky beast (D:7)
  An ice beast (D:6)
  An orc warrior (D:9)
  3 black bears
  2 ogres
  A phantom (D:5)
  4 kobold brigands
  A gnoll sergeant (D:8)
  3 bullfrogs
  5 scorpions
  A wight (Ossuary)
  Dowan (D:6)
  9 killer bees
  4 howler monkeys
  2 bullfrog zombies (Ossuary)
  2 centaur zombies (Ossuary)
  A jelly (D:6)
  Crazy Yiuf (D:2)
  3 hounds
  4 orc priests
  A gnoll bouda (D:5)
  Jessica (D:3)
  Ijyb (D:3)
  5 iguanas
  11 orc wizards
  4 scorpion zombies (Ossuary)
  An ogre zombie (Ossuary)
  9 gnolls
  7 adders
  2 shadow imps
  2 white imps (D:7)
  An ufetubus (D:4)
  3 adder zombies (Ossuary)
  4 dart slugs
  A worm (D:5)
  16 orcs
  4 bats
  6 endoplasms
  3 giant cockroaches
  A gnoll zombie (Ossuary)
  5 goblins
  10 hobgoblins
  16 jackals
  28 kobolds
  8 quokkas
  9 ball pythons
  5 frilled lizards
  5 goblin zombies (Ossuary)
  2 hobgoblin zombies (Ossuary)
  3 orc zombies (Ossuary)
  2 quokka zombies (D:5)
  9 rats
258 creatures vanquished.

Vanquished Creatures (collateral kills)
  Harold (D:9)
  A two-headed ogre (D:9)
  A hornet (D:8)
  3 yaks
  A water moccasin (D:6)
  2 ice beasts (D:8)
  2 orc warriors (D:9)
  2 centaurs
  A phantom (D:6)
  5 killer bees (D:9)
  3 howler monkeys (D:9)
  A centaur zombie (Ossuary)
  An orc wizard (D:9)
  A gnoll (D:8)
  7 orcs
  2 kobolds (D:8)
  An orc zombie (Ossuary)
35 creatures vanquished.

Vanquished Creatures (others)
  A wyvern zombie (D:9)
  A centaur zombie (D:9)
  6 killer bee zombies
  An acid dragon zombie (D:13)
  A hound zombie (D:5)
  3 howler monkey zombies
  An elf zombie (D:6)
  A jelly zombie (D:6)
  5 kobold zombies
  8 orc zombies
  5 fungi
  4 plants
37 creatures vanquished.

Grand Total: 330 creatures vanquished

Notes
Turn   | Place    | Note
-------+----------+-------------------------------------------
     0 | D:1      | MisterFreud the Formicid Gladiator began the quest for the
                  | Orb.
     0 | D:1      | Reached XP level 1. HP: 16/16 MP: 1/1
    54 | D:1      | Reached XP level 2. HP: 12/22 MP: 2/2
   514 | D:1      | Reached XP level 3. HP: 19/27 MP: 3/3
  1039 | D:1      | Found a faded altar of an unknown god.
  1472 | D:2      | Found Cayjagon's Book Boutique.
  1493 | D:2      | Found Totepur's Weapon Shop.
  1607 | D:2      | Reached XP level 4. HP: 30/33 MP: 4/4
  1617 | D:2      | Found Maxyotra's Antique Weapon Emporium.
  1619 | D:2      | Found Bongeude's Magic Scroll Shop.
  1671 | D:2      | Bought a scroll of fear for 48 gold pieces
  1762 | D:2      | Found a runed translucent door.
  1763 | D:2      | Noticed Crazy Yiuf
  1923 | D:2      | Found Vabiewk's Book Shop.
  2115 | D:3      | Noticed Ijyb
  2128 | D:3      | You fall into a shaft and drop 1 floor!
  2383 | D:4      | Reached skill level 5 in Staves
  2517 | D:4      | Reached XP level 5. HP: 8/38 MP: 5/5
  2823 | D:4      | Found a runed translucent gate.
  2823 | D:4      | Found a runed translucent gate.
  2824 | D:4      | Found a runed translucent gate.
  2909 | D:3      | Noticed Jessica
  2920 | D:3      | Killed Jessica
  2976 | D:3      | Killed Ijyb
  2977 | D:3      | Reached XP level 6. HP: 22/47 MP: 6/6
  3695 | D:2      | Killed Crazy Yiuf
  4114 | D:4      | Found an ancient bone altar of Kikubaaqudgha.
  4114 | D:4      | Found a hide-covered altar of Uskayaw.
  4181 | D:4      | Reached skill level 5 in Fighting
  4181 | D:4      | Reached XP level 7. HP: 45/56 MP: 7/7
  4244 | D:4      | Found a staircase to the Ecumenical Temple.
  4288 | Temple   | Entered the Ecumenical Temple
  4318 | Temple   | Became a worshipper of Yredelemnul the Dark
  4355 | D:4      | Noticed Ashen's ghost (amateur DsHW)
  4450 | D:4      | Reached skill level 1 in Armour
  4532 | D:4      | Found a sparkling altar of Nemelex Xobeh.
  4742 | D:4      | Reached * piety under Yredelemnul
  4808 | D:4      | Found an opulent altar of Gozag.
  4811 | D:4      | Found a snail-covered altar of Cheibriados.
  5155 | D:5      | Entered Level 5 of the Dungeon
  5227 | D:5      | Found a sand-covered staircase.
  5245 | Ossuary  | Entered an ossuary
  5590 | Ossuary  | Reached skill level 5 in Armour
  5590 | Ossuary  | Reached XP level 8. HP: 59/62 MP: 8/8
  5635 | Ossuary  | Reached skill level 1 in Invocations
  5784 | Ossuary  | Noticed a silent spectre
  5869 | D:5      | Identified the +1 cloak of the Falcon {rC+}
  5929 | D:5      | Found Utoe's Jewellery Shoppe.
  6596 | D:5      | Reached ** piety under Yredelemnul
  6847 | D:5      | Reached skill level 1 in Shields
  7190 | D:6      | Noticed Duvessa
  7190 | D:6      | Noticed Dowan
  7210 | D:6      | Reached XP level 9. HP: 56/68 MP: 12/12
  7212 | D:6      | Killed Duvessa
  7216 | D:6      | Killed Dowan
  7462 | D:6      | Reached skill level 5 in Invocations
  7462 | D:6      | Reached *** piety under Yredelemnul
  7463 | D:6      | Noticed Eustachio
  7467 | D:6      | Noticed Grinder
  7473 | D:6      | Killed Eustachio
  7480 | D:6      | Killed Grinder
  7483 | D:6      | Reached **** piety under Yredelemnul
  7496 | D:6      | Reached ***** piety under Yredelemnul
  7507 | D:6      | Your ally Dowan died
  7570 | D:6      | Noticed Menkaure
  7580 | D:6      | Killed Menkaure
  8065 | D:7      | Reached skill level 5 in Shields
  8324 | D:7      | Reached XP level 10. HP: 59/74 MP: 14/14
  8587 | D:7      | Reached skill level 10 in Staves
  9375 | D:7      | Found a burning altar of Makhleb.
  9375 | D:7      | Noticed a balrug
  9379 | D:7      | Noticed an orange demon
  9534 | D:7      | Found a sacrificial altar of Ru.
  9947 | D:8      | Found Nikeijom's Antique Armour Emporium.
 10999 | D:8      | Reached ****** piety under Yredelemnul
 11222 | D:9      | Found a staircase to the Orcish Mines.
 11299 | D:9      | Reached skill level 10 in Shields
 11855 | D:9      | Reached XP level 11. HP: 81/81 MP: 17/17
 11916 | D:9      | Noticed a two-headed ogre
 11923 | D:9      | Killed a two-headed ogre
 12248 | D:9      | Noticed Harold
 12261 | D:9      | Killed Harold
 12602 | D:10     | Entered Level 10 of the Dungeon
 12621 | D:10     | Reached skill level 10 in Fighting
 12630 | D:10     | Reached skill level 1 in Evocations
 12762 | D:10     | You fall into a shaft and drop 2 floors!
 12899 | D:10     | Found a radiant altar of Vehumet.
 12994 | D:10     | Found a shimmering blue altar of Sif Muna.
 12994 | D:10     | Noticed Maggie
 12996 | D:10     | Noticed Fannar
 13005 | D:10     | Killed Maggie
 13015 | D:10     | You fall into a shaft and drop 3 floors!
 13315 | D:13     | Noticed a manticore
 13325 | D:13     | Killed a manticore
 13531 | D:13     | Noticed a centaur warrior
 13536 | D:13     | Shot with an arrow by a centaur warrior

Illustrated notes

Levels and vault maps discovered:
D:1:      dpeg_arrival_tiny_g, layout_loops_ring,
          shapermc_ecumenical_altar_mp_ritualfount
D:2:      layout_rooms, serial_shops, nicolae_shop_hallway_plus, shop,
          shop_fountains, shop_fountains, nicolae_square_shop,
          uniq_crazy_yiuf_cottage
D:3:      layout_basic, uniq_ijyb, uniq_jessica
D:4:      layout_basic, nemelex_spade_bored_becter,
          nicolae_overflow_hidden_temple, minmay_temple_entry_mist,
          gammafunk_ghost_nasty_kobolds, grunt_ministairs_13
D:5:      layout_layer_cave, serial_shops, nicolae_shop_stone, enter_ossuary_4
D:6:      layout_rooms, uniq_menkaure, uniq_grinder, uniq_eustachio,
          uniq_duvessa
D:7:      layout_layer_cave, makhleb_altar_promises_db,
          nicolae_ru_path_of_blood, grunt_decor_clamped
D:8:      layout_cave_pods, serial_shops, shop
D:9:      layout_gridville, orc_0_dummy, uniq_harold
D:10:     layout_long_grid, fiery_altar_vehumet, old_standard_altar,
          lair_entry_dummy, hangedman_abyss_or_decor_lesser_grid,
          nicolae_shop_self_help, uniq_fannar, uniq_maggie, uniq_snorg
D:11:     minmay_s_stair_smasher, layout_cave_pools, kennysheep_pointless_box
D:12:     layout_roguey, serial_shops, nicolae_shop_stone
D:13:     layout_long_grid
Temple:   minmay_temple_bridge_abc

Skill      XL: |  1  2  3  4  5  6  7  8  9 10 11 |
---------------+----------------------------------+-----
Staves         | 4 5 6 7 9 10 | 10.0
Fighting       | 3 5 6 10 | 10.0
Armour         | 5 |  5.0
Invocations    | 4 6 8 9 |  9.3
Shields        | 1 5 10 | 10.0
Evocations     | 4 |  4.1
Throwing       | |  2.0
Dodging        | |  2.6

Action                   |  1- 3 |  4- 6 |  7- 9 | 10-12 || total
-------------------------+-------+-------+-------+-------++-------
Melee: Quarterstaff      |   115 |   182 |   273 |   307 ||   877
       Punch             |     2 |     1 |     2 |       ||     5
Invok: Recall Undead Har |       |       |       |     4 ||     4
       Dark Bargain      |       |       |       |     3 ||     3
       Bind Soul         |       |       |       |     1 ||     1
 Abil: Shaft Self        |       |     1 |       |     1 ||     2
  Use: Scroll            |     7 |     8 |     4 |     1 ||    20
       Potion            |       |       |     1 |       ||     1
 Stab: Confused          |       |       |     1 |       ||     1
       Distracted        |       |       |     1 |     6 ||     7
Armor: Leather armour    |    19 |       |       |       ||    19
       Plate armour      |    14 |   117 |   195 |   191 ||   517
Dodge: Dodged            |    95 |    78 |   100 |    87 ||   360
Block: Kite shield       |       |       |    45 |   226 ||   271
